 Dungeon Sprint DCSS version 0.24-a0-250-g6074511092 (webtiles) character file.

Game seed: 11994350423498818179

51 Redear the Skirmisher (level 3, 0/36 HPs)
             Began as a Ghoul Monk on Apr 15, 2019.
             Slain by a human (5 damage)
             ... in the Dungeon (Sprint III: "The Ten Rune Challenge").
             The game lasted 00:00:33 (159 turns).

Redear the Skirmisher (Ghoul Monk)                   Turns: 159, Time: 00:00:33

Health: 0/36       AC:  2    Str: 14    XL:     3   Next: 81%
Magic:  2/2        EV: 14    Int:  5    God:
Gold:   6          SH:  0    Dex: 12    Spells: 2/2 levels left

rFire    . . .     SeeInvis .     - Unarmed
rCold    + . .     Gourm    .   (no shield)
rNeg     + + +     Faith    .   a - +0 robe
rPois    ∞         Spirit   .   (no helmet)
rElec    .         Reflect  .   (no cloak)
rCorr    .         Harm     .   (no gloves)
MR       .....     NoTele   +   (no boots)
Stlth    ++........             (no amulet)
HPRegen  0.00/turn              (no ring)
MPRegen  0.08/turn              (no ring)

@: rotting
A: rotting body, claws 1, carnivore, cold resistance 1, negative energy
resistance 3, inhibited regeneration, torment resistance, unbreathing
a: no special abilities


You were in the Dungeon.
You were not hungry.

You visited 1 branch You collected 6 gold pieces.

Inventory:

Armour
 a - a +0 robe (worn)
Scrolls
 B - a scroll of blinking {@r4}
Potions
 d - a potion of heal wounds {@q1}
 f - 2 potions of magic
 g - a potion of berserk rage
 H - a potion of haste {@q5}
Comestibles
 z - a ration


   Skills:
 + Level 5.5 Fighting
 + Level 4.6 Dodging
 - Level 2.1 Stealth
 + Level 5.5 Unarmed Combat


You had 2 spell levels left.
You didn't know any spells.
Your spell library was empty.

Dungeon Overview and Level Annotations

Branches:
Dungeon (1/1)

Altars:


Innate Abilities, Weirdness & Mutations

Your body is rotting away.
You thrive on raw meat.
You are immune to poison.
You have sharp fingernails.
You are carnivorous and can eat meat at any time.
Your flesh is cold resistant. (rC+)
You are immune to negative energy. (rN+++)
You do not regenerate when monsters are visible.
You are immune to unholy pain and torment.
You can survive without breathing.


Message History

The human closely misses you.
You take 3 damage, and have 17/36 hp.
You miss the human.
The human is lightly wounded.
The human hits you.
You take 6 damage, and have 11/36 hp.
Unknown command.
You closely miss the human.
The human is lightly wounded.
You claw the human!
The human is heavily wounded.
The human hits you!
* * * LOW HITPOINT WARNING * * *
You take 7 damage, and have 4/36 hp.
You feel better. The human hits you!
* * * LOW HITPOINT WARNING * * *
You miss the human.
The human is heavily wounded.
The human hits you.
You die...

▓.....#
▓.....#...≈≈♣♣
▓...÷.#..≈≈≈≈♣.
▓####'#..≈≈≈≈≈≈
▓(.)..#.≈≈≈≈≈≈.
▓.....#.≈≈≈≈≈..
▓.....#.≈≈≈....
▓'#####........
▓...@p.........
▓▓▓▓▓▓▓▓▓▓▓▓▓▓▓


You could see a human.

Vanquished Creatures
  Jessica (D)
  A wolf (D)
  2 oozes (D)
  A rat (D)
5 creatures vanquished.

Vanquished Creatures (others)
  2 draconian scorchers (D)
  6 hellions (D)
  A yaktaur (D)
9 creatures vanquished.

Grand Total: 14 creatures vanquished

Notes
Turn   | Place    | Note
-------+----------+-------------------------------------------
     0 | D        | Redear the Ghoul Monk began the quest for the Orb.
     0 | D        | Reached XP level 1. HP: 19/19 MP: 0/0
     6 | D        | Reached skill level 3 in Dodging
    10 | D        | Reached skill level 4 in Fighting
    10 | D        | Reached skill level 4 in Unarmed Combat
    10 | D        | Reached XP level 2. HP: 18/27 MP: 1/1
    16 | D        | Noticed Jessica
   102 | D        | Killed a hellion
   102 | D        | Killed a hellion
   103 | D        | Killed a hellion
   103 | D        | Killed a hellion
   103 | D        | Killed a hellion
   103 | D        | Killed a hellion
   127 | D        | Killed Jessica
   127 | D        | Reached skill level 5 in Fighting
   127 | D        | Reached skill level 4 in Dodging
   127 | D        | Reached skill level 5 in Unarmed Combat
   127 | D        | Reached XP level 3. HP: 34/36 MP: 2/2
   138 | D        | Killed a yaktaur
   142 | D        | Killed a white draconian scorcher
   150 | D        | Killed a white draconian scorcher
   159 | D        | Slain by a human

Levels and vault maps discovered:
D:        dungeon_sprint_mu [sprint_mu_entry_forest, sprint_mu_temple_rooms,
          sprint_mu_d1_horrors, sprint_mu_d2_genie, sprint_mu_d3_branching,
          sprint_mu_orc_legion, sprint_mu_elf_gauntlet, sprint_mu_hive_nellie,
          sprint_mu_lair_fedhas, sprint_mu_vaults_butterflies,
          sprint_mu_slime_circle, sprint_mu_shoals_kraken,
          sprint_mu_snake_twists, sprint_mu_blade_basic,
          sprint_mu_crypt_fortress, sprint_mu_tomb_spiral,
          sprint_mu_vestibule_basic, sprint_mu_gehenna_hellfire,
          sprint_mu_dis_giant, sprint_mu_tartarus_statrot,
          sprint_mu_cocytus_islands, sprint_mu_zot1]

Skill      XL: |  1  2 |
---------------+-------+-----
Dodging        | 3 4 |  4.6
Fighting       | 4 5 |  5.5
Unarmed Combat | 4 5 |  5.5
Stealth        | |  2.1

Action                   || total
-------------------------++-------
Melee: Unarmed           ||    29
       Punch             ||     1
  Use: Potion            ||     1
  Eat: Chunk             ||     1
Armor: Robe              ||     1
Dodge: Dodged            ||    18

Table legend:
 A = Non-vault XP
 B = Vault XP
 C = Vault XP percentage of total XP
 D = Non-vault monster count
 E = Vault monster count
 F = Vault count percentage of total count
                 A         B        C        D         E       F
            +---------+---------+-------+---------+---------+-------
      Total |       0 |      73 | 100.0 |       0 |       5 | 100.0
            +---------+---------+-------+---------+---------+-------
          D |       0 |      73 | 100.0 |       0 |       5 | 100.0
            +---------+---------+-------+---------+---------+-------
